 Dungeon Crawl Stone Soup version 0.29.1-2-gbd0b4ee654 (webtiles) character file.

Game seed: 9119930295576726653

799 qeuew the Magician (level 7, -10/51 HPs)
             Began as a Grey Draconian Air Elementalist on Nov 5, 2022.
             Was a Follower of Jiyva.
             Mangled by an orc warrior
             ... wielding a +2 scimitar of electrocution
              (16 damage)
             ... on level 6 of the Dungeon.
             The game lasted 00:10:38 (4932 turns).

qeuew the Magician (DrAE)                           Turns: 4932, Time: 00:10:38

Health: -10/51     AC: 14    Str: 13    XL:     7   Next: 59%
Magic:  15/23      EV: 12    Int: 15    God:    Jiyva [*.....]
Gold:   109        SH:  0    Dex: 11    Spells: 12/15 levels left

rFire   . . .      SeeInvis .   o - +4 quarterstaff (chaos)
rCold   . . .      Faith    .   (shield currently unavailable)
rNeg    + . .      Spirit   .   (body armour unavailable)
rPois   .          Reflect  .   (helmet restricted)
rElec   .          Harm     .   p - +0 cloak
rCorr   .          Rampage  .   (no gloves)
Will    .....                   k - +1 pair of boots
Stlth   ++........              (no amulet)
HPRegen 0.97/turn               f - ring of positive energy
MPRegen 0.43/turn               c - ring of magical power

@: no status effects
A: AC +11, amphibious, unfitting armour, cold-blooded
a: Renounce Religion


You were on level 6 of the Dungeon.
You worshipped Jiyva.
Jiyva was aware of your devotion.
You visited 1 branch of the dungeon, and saw 5 of its levels.
You also visited: Sewer.

You collected 109 gold pieces.

Inventory:

Hand Weapons
 o - a +4 quarterstaff of chaos (weapon)
Armour
 k - a +1 pair of boots (worn)
 p - a +0 cloak (worn)
Jewellery
 c - a ring of magical power (right hand)
 f - a ring of positive energy (left hand)
Wands
 j - a wand of iceblast (10)
Scrolls
 b - 2 scrolls of teleportation
 g - a scroll of magic mapping
 q - a scroll of enchant weapon {unknown}
Potions
 a - a potion of magic
 d - 2 potions of attraction {unknown}
 e - 2 potions of might
 h - 4 potions of curing
 i - a potion of heal wounds
 l - 2 potions of invisibility
 m - a potion of cancellation
 n - 2 potions of mutation {unknown}


   Skills:
 + Level 0.5 Fighting
 * Level 1.6 Staves
 * Level 3.0 Dodging
 - Level 1.7 Stealth
 - Level 0.1 Unarmed Combat
 * Level 4.8 Spellcasting
 * Level 4.5 Conjurations
 + Level 3.9 Air Magic


You had 12 spell levels left.
You knew the following spells:

 Your Spells              Type           Power      Damage    Failure   Level
a - Shock                 Conj/Air       64%        1d7       3%          1
b - Static Discharge      Conj/Air       16%        3-5/arc   4%          2

Your spell library contained the following spells:

 Spells                   Type           Power      Damage    Failure   Level
 Swiftness                Air            15%        N/A       10%         3
 Necrotise                Necr           12%        1d4       17%         1
 Airstrike                Air            7%         2d(2-18)  32%         4
 Gell's Gravitas          Tloc           3%         N/A       45%         3
 Lesser Beckoning         Tloc           3%         N/A       45%         3
 Teleport Other           Tloc           3%         N/A       45%         3
 Vampiric Draining        Necr           3%         2d6       45%         3
 Agony                    Necr           3%         N/A       99%         5


Dungeon Overview and Level Annotations

Branches:
Dungeon (4/15)              Sewer (visited)
 Temple: D:4-7

Altars:
Cheibriados
Nemelex Xobeh

Shops:
D:1 *


Innate Abilities, Weirdness & Mutations

Your dull iron-grey scales are very hard. (AC +11)
You are amphibious.
You cannot fit into any form of body armour.
You are cold-blooded and may be slowed by cold attacks.


Message History

The black bear bites you but does no damage.
The black bear claws you but does no damage. x2
The orc warrior misses you.
The black bear is struck by an arc of lightning.
You kill the black bear!
The orc priest is struck by an arc of lightning.
The orc priest is severely wounded.
You are struck by an arc of lightning.
The lightning grounds out.
The orc priest hits you but does no damage.
The orc warrior closely misses you.
Your Dodging skill increases to level 3!
The orc warrior is struck by an arc of lightning.
The orc warrior is severely wounded.
You are struck by an arc of lightning.
The lightning grounds out.
The orc warrior hits you with a +2 scimitar of electrocution!
The orc priest hits you but does no damage.
Unknown command.
You are too injured to fight recklessly!
You closely miss the orc warrior.
The orc warrior is severely wounded.
The orc warrior hits you with a +2 scimitar of electrocution.
The orc priest invokes the aid of Beogh against you.
Pain shoots through your body!
* * * LOW HITPOINT WARNING * * *
Unknown command.
Casting: Static Discharge (safe; 4% risk of failure)
Press: ? - help, Q - select action, (/) - cycle Dir - look around, f - activate The orc priest is struck by an arc of lightning!
You kill the orc priest!
You are struck by an arc of lightning.
* * * LOW HITPOINT WARNING * * *
The orc warrior is struck by an arc of lightning.
The orc warrior is almost dead.
You are struck by an arc of lightning.
* * * LOW HITPOINT WARNING * * *
The lightning grounds out.
The orc warrior hits you with a +2 scimitar of electrocution.
* * * LOW HITPOINT WARNING * * *
You are electrocuted!
You die...

#^.. #...........
#..###...........
##..........#.... .
#..............## ..
##...............#
#..
#....##......#...#
.... #............# #
.....#...............
#...o@..##......!...
##...†)..........##..
....................#
.
=............##.$....
..[..........#
...............
..............#
...............
.........#.....


You could see an orc warrior.

Vanquished Creatures
  Sigmund (D:3)
  A black bear (D:6)
  An ogre (D:4)
  An orc priest (D:6)
  Crazy Yiuf (D:3)
  2 jellies (Sewer)
  Jessica (D:3)
  4 orc wizards
  Natasha (twice) (D:3)
  Ijyb (D:3)
  5 adders
  2 river rats (Sewer)
  2 worms
  2 dart slugs (D:1)
  9 orcs
  4 ball pythons
  16 endoplasms
  3 giant cockroaches
  3 goblins
  8 hobgoblins
  7 jackals
  6 quokkas
  3 bats (D:1)
  12 frilled lizards
  4 kobolds
  8 rats
109 creatures vanquished.

Vanquished Creatures (others)
  A jelly (D:4)
  Natasha (D:3)
  A bat (D:3)
  2 endoplasms
  2 quokkas
7 creatures vanquished.

Grand Total: 116 creatures vanquished

Notes
Turn   | Place    | Note
-------+----------+-------------------------------------------
     0 | D:1      | qeuew the Draconian Air Elementalist began the quest for
                  | the Orb.
     0 | D:1      | Reached XP level 1. HP: 14/14 MP: 3/3
   301 | D:1      | Reached XP level 2. HP: 20/20 MP: 0/5
   304 | D:1      | Learned a level 2 spell: Static Discharge
  1078 | D:1      | Found Ydups's General Store.
  1099 | D:1      | Reached XP level 3. HP: 26/26 MP: 6/6
  1519 | D:2      | Found a snail-covered altar of Cheibriados.
  1829 | D:2      | Identified the amulet of Sloth {rC+ Will+ Regen+ Int-5}
  2418 | D:3      | Noticed Natasha
  2430 | D:3      | Killed Natasha
  2431 | D:3      | Reached XP level 4. HP: 8/33 MP: 7/8
  2572 | D:3      | Found a glowing drain.
  2583 | Sewer    | Entered a sewer
  2985 | Sewer    | Reached XP level 5. HP: 38/38 MP: 9/9
  3356 | Sewer    | Found a viscous altar of Jiyva.
  3365 | Sewer    | Became a worshipper of Jiyva Joxiuph the Shapeless
  3454 | D:3      | Found a runed translucent door.
  3455 | D:3      | Noticed Crazy Yiuf
  3516 | D:3      | Noticed Ijyb
  3529 | D:3      | Killed Ijyb
  3613 | D:3      | Noticed Jessica
  3616 | D:3      | Killed Jessica
  3617 | D:3      | Reached XP level 6. HP: 45/45 MP: 12/12
  3725 | D:3      | Noticed Natasha
  3731 | D:3      | Killed Natasha
  3734 | D:3      | Killed Natasha
  4052 | D:3      | Noticed Sigmund
  4077 | D:3      | Killed Sigmund
  4381 | D:3      | Killed Crazy Yiuf
  4382 | D:3      | Your scales start taking on a dull iron-grey colour.
  4382 | D:3      | Reached XP level 7. HP: 45/50 MP: 13/13
  4765 | D:4      | Reached * piety under Jiyva
  4774 | D:4      | Reached skill level 1 in Staves
  4841 | D:4      | Found a sparkling altar of Nemelex Xobeh.
  4899 | D:4      | You fall into a shaft and drop 2 floors!
  4932 | D:6      | Mangled by an orc warrior

Illustrated notes

Levels and vault maps discovered:
D:1:      mainiacjoe_arrival_reflecting_pool, layout_loops_corners,
          serial_shops, shop, minmay_misc_feat_diagonals,
          amcnicky_mini_rare_corridor_liquid
D:2:      layout_loops_ring, basic_altar
D:3:      layout_loops_ring, portal_sewer_entry_d, chequers_avenue,
          uniq_crazy_yiuf_cottage, uniq_natasha, uniq_jessica, uniq_sigmund,
          uniq_ijyb
D:4:      layout_loops_ring, nemelex_diamond_rough_becter,
          nicolae_tso_swordbearing_angel, serial_shops, shop,
          grunt_decor_junction
D:6:      layout_cave_pools, nicolae_qazlal_style_of_elements,
          ebering_ghost_sewer_f

Skill      XL: |  1  2  3  4  5  6  7 |
---------------+----------------------+-----
Dodging        | 2 3 |  3.0
Conjurations   | 2 3 4 |  4.5
Spellcasting   | 3 4 |  4.8
Air Magic      | 4 3 |  3.9
Staves         | 1 |  1.6
Fighting       | |  0.5
Stealth        | |  1.7
Unarmed Combat | |  0.1

Action                   |  1- 3 |  4- 6 |  7- 9 || total
-------------------------+-------+-------+-------++-------
Melee: Unarmed           |    28 |    13 |       ||    41
       Tailslap          |     3 |       |     4 ||     7
       Quarterstaff      |       |       |    28 ||    28
 Cast: Shock             |   107 |   109 |    21 ||   237
       Static Discharge  |     1 |    10 |     5 ||    16
  Use: Scroll            |     6 |     3 |       ||     9
       Potion            |     4 |       |       ||     4
Armor: Skin              |    13 |    15 |    16 ||    44
Dodge: Dodged            |    27 |    18 |    28 ||    73
